 Dungeon Crawl Stone Soup version 0.30-a0-4-ga7cffc901d (webtiles) character file.

Game seed: 2841397458865605304

66 siradein the Grave Robber (level 4, -3/33 HPs)
             Began as a Hill Orc Necromancer on Aug 20, 2022.
             Slain by a gnoll
             ... wielding a +0 flail
              (7 damage)
             ... on level 2 of the Dungeon.
             The game lasted 00:02:30 (2192 turns).

siradein the Grave Robber (Hill Orc Necromancer)    Turns: 2192, Time: 00:02:31

Health: -3/33      AC:  6    Str: 10    XL:     4   Next: 15%
Magic:  4/7        EV: 10    Int: 17    God:
Gold:   124        SH:  0    Dex: 11    Spells: 6/7 levels left

rFire   . . .      SeeInvis .    g - +0 dagger
rCold   . . .      Faith    .    (no shield)
rNeg    . . .      Spirit   .    c - +0 ring mail
rPois   .          Reflect  .    (no helmet)
rElec   .          Harm     .    f - +0 cloak
rCorr   .          Rampage  .    (no gloves)
Will    .....                    (no boots)
Stlth   +.........               (no amulet)
HPRegen 0.11/turn                (no ring)
MPRegen 0.10/turn                (no ring)

@: no status effects
A: no striking features
a: no special abilities


You were on level 2 of the Dungeon.
You visited 1 branch of the dungeon, and saw 2 of its levels.

You collected 124 gold pieces.

Inventory:

Hand Weapons
 g - a +0 dagger (weapon)
Armour
 c - a +0 ring mail (worn)
 f - a +0 cloak (worn)
Scrolls
 a - a scroll of silence {unknown}
 h - a scroll of identify {unknown}
 i - a scroll of magic mapping {unknown}
 k - a scroll of noise {unknown}
Potions
 b - a potion of magic
 d - 2 potions of resistance {unknown}
 e - a potion of curing {unknown}
 j - a potion of might {unknown}


   Skills:
 + Level 1.6 Armour
 - Level 1.5 Dodging
 - Level 1.5 Stealth
 + Level 2.3 Spellcasting
 + Level 4.6 Necromancy


You had 6 spell levels left.
You knew the following spells:

 Your Spells              Type           Power      Damage    Failure   Level
a - Necrotise             Necr           68%        1d7       7%          1

Your spell library contained the following spells:

 Spells                   Type           Power      Damage    Failure   Level
 Vampiric Draining        Necr           17%        2d7       21%         3
 Shock                    Conj/Air       8%         1d3       43%         1
 Animate Dead             Necr           17%        N/A       56%         4
 Gell's Gravitas          Tloc           2%         N/A       80%         3
 Swiftness                Air            2%         N/A       80%         3
 Teleport Other           Tloc           2%         N/A       80%         3
 Agony                    Necr           17%        N/A       88%         5
 Airstrike                Air            1%         2d(1-17)  99%         4
 Dispersal                Tloc           1%         N/A       100%        6


Dungeon Overview and Level Annotations

Branches:
Dungeon (2/15)

Altars:

Shops:
D:2 :


Message History

2 gnolls come into view.
The gnoll shouts!
You hear a shout!
A gnoll comes into view. It is wielding a +0 spear.
There are monsters nearby!
There are monsters nearby!
There are monsters nearby!
There is a stone staircase leading down here.
The gnoll writhes in agony.
The gnoll barely resists.
The gnoll hits you with a +0 flail!
The gnoll writhes in agony!
The gnoll hits you with a +0 flail! The gnoll closely misses you.
You are too injured to fight recklessly!
You are too injured to fight recklessly!
You are too injured to fight recklessly!
You are too injured to fight recklessly!
Unknown command.
You are too injured to fight recklessly!
You are too injured to fight recklessly!
You hit the gnoll but do no damage.
The gnoll is heavily wounded.
The gnoll barely misses you.
The gnoll hits you from afar with a +0 spear.
You closely miss the gnoll.
The gnoll is heavily wounded.
The gnoll hits you with a +0 flail.
* * * LOW HITPOINT WARNING * * *
The gnoll hits you from afar with a +0 spear.
* * * LOW HITPOINT WARNING * * *
You barely miss the gnoll.
The gnoll is heavily wounded.
The gnoll hits you but does no damage. The gnoll closely misses you.
You hit the gnoll but do no damage.
The gnoll is heavily wounded.
The gnoll hits you with a +0 flail.
* * * LOW HITPOINT WARNING * * *
The gnoll hits you but does no damage.
You hit the gnoll but do no damage.
The gnoll is heavily wounded.
The gnoll hits you with a +0 flail!
You die...

..............###...
#######.#####......#
..............###.<. #
..#####.#.......#... #.
#.#.#......... ##..
#.#.#...#.#... .....
..#.#...#.....
#...g#######.#.....#...
#...g@)........##.#...
#...g...........#.#...
..................#.#...
.#....##########..#.#...
#.... .. ....#... .
#....# #.# #####...
..#..... ... ........
.......## ##.########...
...... .............#


You could see 3 gnolls.

Vanquished Creatures
  A gnoll (D:2)
  An adder (D:2)
  2 ball pythons
  3 endoplasms
  A giant cockroach (D:1)
  4 goblins
  2 hobgoblins (D:2)
  2 jackals (D:1)
  4 quokkas
  5 bats
  3 frilled lizards
  2 kobolds
  3 rats
33 creatures vanquished.

Vanquished Creatures (collateral kills)
  A gnoll (D:1)
  A ball python (D:1)
2 creatures vanquished.

Grand Total: 35 creatures vanquished

Notes
Turn   | Place    | Note
-------+----------+-------------------------------------------
     0 | D:1      | siradein the Hill Orc Necromancer began the quest for the
                  | Orb.
     0 | D:1      | Reached XP level 1. HP: 14/14 MP: 3/3
   198 | D:1      | Reached XP level 2. HP: 5/20 MP: 0/4
   975 | D:1      | Reached XP level 3. HP: 6/26 MP: 0/6
  1376 | D:1      | Reached skill level 1 in Armour
  1860 | D:2      | Found Zauthr Koclo's Book Shoppe.
  2143 | D:2      | Reached XP level 4. HP: 33/33 MP: 3/7
  2192 | D:2      | Slain by a gnoll

Illustrated notes

Levels and vault maps discovered:
D:1:      lemuel_arrival_funnel, layout_basic, chequers_serial_rivers_micro_c,
          due_unseen_surprise
D:2:      layout_basic, serial_shops, shop

Skill      XL: |  1  2  3 |
---------------+----------+-----
Spellcasting   | 2 |  2.3
Armour         | 1 |  1.6
Dodging        | |  1.5
Stealth        | |  1.5
Necromancy     | |  4.6

Action                   |  1- 3 |  4- 6 || total
-------------------------+-------+-------++-------
Melee: Unarmed           |     8 |       ||     8
       Dagger            |     7 |     5 ||    12
 Cast: Necrotise         |    58 |     3 ||    61
Armor: Ring mail         |    12 |     2 ||    14
Dodge: Dodged            |    20 |     3 ||    23

Table legend: (Time is in decaauts)
 A = Elapsed time spent in this place.
 B = Non-inter-level travel time spent in this place.
 C = Inter-level travel time spent in this place.
 D = Time resting spent in this place.
 E = Time spent auto-exploring this place.
 F = Levels seen in this place.
 G = Mean time per level.
                   A        B        C        D        E       F      G
               +--------+--------+--------+--------+--------+-----+--------+
         Total |   2191 |   2137 |     54 |      0 |   1927 |   2 | 1095.5 |
       Dungeon |   2191 |   2137 |     54 |      0 |   1927 |   2 | 1095.5 |
               +--------+--------+--------+--------+--------+-----+--------+

Top non-repeatable levels by time:
     D:1: 1514 daAuts
     D:2: 677 daAuts
